 Dungeon Crawl Stone Soup version 0.25-a0-942-g87a53962fc (webtiles) character file.

Game seed: 16287988646484878254, levelgen mode: deterministic

45 Aumann the Conjurer (level 3, -2/20 HPs)
             Began as a Kobold Conjurer on May 6, 2020.
             Slain by a goblin
             ... wielding a +1 dagger of draining
             ... led by Robin
              (6 damage)
             ... on level 2 of the Dungeon.
             The game lasted 00:08:28 (1349 turns).

Aumann the Conjurer (Kobold Conjurer)               Turns: 1349, Time: 00:08:29

Health: -2/20      AC:  2    Str:  5    XL:     3   Next: 90%
Magic:  1/6        EV: 15    Int: 15    God:
Gold:   13         SH:  0    Dex: 15    Spells: 5/6 levels left

rFire    . . .     SeeInvis .   l - +0 dagger (speed)
rCold    . . .     Gourm    .   (shield restricted)
rNeg     . . .     Faith    .   a - +0 robe
rPois    .         Spirit   .   (no helmet)
rElec    .         Reflect  .   (no cloak)
rCorr    .         Harm     .   (no gloves)
MR       .....                  (no boots)
Stlth    ++........             (no amulet)
HPRegen  0.06/turn              (no ring)
MPRegen  0.10/turn              (no ring)

@: lightly drained
A: small, talons 1, carnivore, dopey 1, evolution 1
a: no special abilities


You were on level 2 of the Dungeon.
You were completely stuffed.

You visited 1 branch of the dungeon, and saw 2 of its levels.

You collected 13 gold pieces.

Inventory:

Hand Weapons
 g - a +0 whip
 l - a +0 dagger of speed (weapon)
Missiles
 i - 30 stones (quivered)
 m - 12 arrows
Armour
 a - a +0 robe (worn)
Jewellery
 n - an uncursed ring of magical power {unknown}
Scrolls
 d - 2 scrolls of identify {unknown}
 e - 4 scrolls of noise {unknown}
 k - 2 scrolls of teleportation {unknown}
Potions
 b - a potion of brilliance {unknown}
 f - 2 potions of mutation
 h - 3 potions of might {unknown}
 j - 2 potions of lignification {unknown}
Comestibles
 c - 3 rations
 o - 5 chunks of flesh


   Skills:
 + Level 0.4(0.2) Fighting
 * Level 2.6(2.4) Dodging
 * Level 3.2(3.0) Stealth
 * Level 2.4(2.2) Spellcasting
 * Level 4.8(4.5) Conjurations


You had 5 spell levels left.
You knew the following spells:

 Your Spells              Type           Power        Failure   Level  Hunger
a - Magic Dart            Conj           ###.         3%          1    #......

Your spell library contained the following spells:

 Spells                   Type           Power        Failure   Level  Hunger
 Searing Ray              Conj           ###...       4%          2    ###....
 Dazzling Flash           Conj/Hex       #.....       26%         3    ###....
 Fulminant Prism          Conj/Hex       #.........   65%         4    #####..
 Iskenderun's Mystic Bla  Conj/Tloc      #.......     65%         4    #####..


Dungeon Overview and Level Annotations

Branches:
Dungeon (2/15)

Altars:

Annotations:
D:2 Robin


Innate Abilities, Weirdness & Mutations

You are small and have problems with some larger weapons.
You are carnivorous and can eat meat at any time.
You have sharp toenails.
You are dopey. (Int -2)
You evolve.


Message History

You hit the goblin but do no damage. The goblin closely misses you.
Robin roars a battlecry!
The goblins go into a battle-frenzy!
You hear a shout!
It was a potion of mutation.
You feel extremely strange.
You feel stupid.
You feel nature experimenting on you.
Don't worry, failures die fast.
Your toenails lengthen and sharpen.
The hobgoblin no longer looks unusually strong.
The goblin no longer looks unusually strong. x2
The hobgoblin barely misses you.
The goblin hits you with a +1 dagger of draining.
* * * LOW HITPOINT WARNING * * *
You feel drained. The goblin completely misses you.
Robin roars a battlecry!
The goblins go into a battle-frenzy!
The hobgoblin barely misses you. The hobgoblin misses you.
The goblin hits you with a +1 dagger of draining.
You die...

#.#........# #.......#
#.#.####.### #.##.##.#
#.#.#......##
#.##.##.#
#...........#
#.##.##.#
###.#.......#
#.......#
#..........######.####
#....>.........##.#
#.##...gg..###รท##.#
#. #.).g.@........# #.
#....g..###.####
#.#####g#.####.#
#.....gg#......#
#######.######......#
#.g.# #.####.# #...#
#.# #...#####.#
#####..g#...#.#.


You could see Robin, 3 hobgoblins and 3 goblins.

Vanquished Creatures
  An adder (D:1)
  2 dart slugs (D:1)
  3 leopard geckos
  A giant cockroach (D:1)
  3 goblins (D:1)
  4 hobgoblins
  2 kobolds (D:1)
  A ball python (D:1)
  4 bats
  A frilled lizard (D:1)
  6 rats
28 creatures vanquished.

Notes
Turn   | Place    | Note
-------+----------+-------------------------------------------
     0 | D:1      | Aumann the Kobold Conjurer began the quest for the Orb.
     0 | D:1      | Reached XP level 1. HP: 10/10 MP: 3/3
   234 | D:1      | Reached XP level 2. HP: 13/15 MP: 1/5
   660 | D:1      | Reached XP level 3. HP: 20/20 MP: 0/6
  1329 | D:2      | Noticed Robin
  1348 | D:2      | Gained mutation: You are dopey. (Int -2) [potion of
                  | mutation]
  1348 | D:2      | Gained mutation: You evolve. [potion of mutation]
  1348 | D:2      | Gained mutation: You have sharp toenails. [potion of
                  | mutation]
  1349 | D:2      | Slain by a goblin

Levels and vault maps discovered:
D:1:      minmay_arrival_radiant_lines, layout_basic, serial_glass,
          glass_columns_c, glass_columns_b
D:2:      layout_loops_cross, first_ration, uniq_robin, uniq_crazy_yiuf_cottage

Skill      XL: |  1  2 |
---------------+-------+-----
Stealth        | 3 |  3.2
Fighting       | |  0.4
Dodging        | |  2.6
Spellcasting   | |  2.4
Conjurations   | |  4.8

Action                   || total
-------------------------++-------
Melee: Whip              ||     6
       Dagger            ||     3
Throw: Stone             ||     1
 Cast: Magic Dart        ||    62
  Use: Potion            ||     1
  Eat: Chunk             ||    10
Armor: Robe              ||     2
Dodge: Dodged            ||    32

Table legend:
 A = Non-vault XP
 B = Vault XP
 C = Vault XP percentage of total XP
 D = Non-vault monster count
 E = Vault monster count
 F = Vault count percentage of total count
                 A         B        C        D         E       F
            +---------+---------+-------+---------+---------+-------
      Total |      65 |       0 |   0.0 |      28 |       0 |   0.0
            +---------+---------+-------+---------+---------+-------
        D:1 |      51 |       0 |   0.0 |      20 |       0 |   0.0
        D:2 |      14 |       0 |   0.0 |       8 |       0 |   0.0
            +---------+---------+-------+---------+---------+-------
